 Dungeon Crawl Stone Soup version 0.24.0-123-gd5b16e6ec5 (webtiles) character file.

Game seed: 14017170853566327810, levelgen mode: deterministic

340 Gartch5 the Ducker (level 6, -6/47 HPs)
             Began as a Merfolk Ice Elementalist on Jan 20, 2020.
             Mangled by an ogre
             ... wielding a +0 giant club
              (23 damage)
             ... on level 6 of the Dungeon.
             The game lasted 00:33:55 (4354 turns).

Gartch5 the Ducker (Merfolk Ice Elementalist)       Turns: 4354, Time: 00:33:55

Health: -6/47      AC:  2    Str:  8    XL:     6   Next: 56%
Magic:  7/9        EV: 15    Int: 17    God:
Gold:   175        SH:  0    Dex: 14    Spells: 6/9 levels left

rFire    . . .     SeeInvis .   u - +0 spear
rCold    . . .     Gourm    .   (no shield)
rNeg     . . .     Faith    .   a - +0 robe
rPois    .         Spirit   .   (no helmet)
rElec    .         Reflect  .   (no cloak)
rCorr    .         Harm     .   (no gloves)
MR       .....                  (no boots)
Stlth    ++........             (no amulet)
HPRegen  0.15/turn              (no ring)
MPRegen  0.11/turn              (no ring)

@: no status effects
A: change form in water, swift swim, stealthy swim
a: no special abilities


You were on level 6 of the Dungeon.
You were not hungry.

You visited 1 branch of the dungeon, and saw 4 of its levels.

You collected 175 gold pieces.

Inventory:

Hand Weapons
 k - a +0 longbow
 u - a +0 spear (weapon)
Missiles
 f - 7 sling bullets
 o - 35 stones (quivered)
 q - 6 poisoned darts
Armour
 a - a +0 robe (worn)
 i - a +0 leather armour
 n - a +2 helmet
Jewellery
 l - an uncursed amulet of rage {unknown}
Scrolls
 g - a scroll of blinking {unknown}
 h - a scroll of remove curse {unknown}
 m - a scroll of teleportation {unknown}
 p - a scroll of random uselessness {unknown}
Potions
 d - 2 potions of curing
 e - a potion of resistance
 j - a potion of mutation {unknown}
 s - a potion of heal wounds {unknown}
Comestibles
 b - 5 chunks of flesh
 c - 2 rations


   Skills:
 + Level 3.2 Fighting
 * Level 5.3 Polearms
 + Level 5.4 Dodging
 - Level 2.1 Stealth
 - Level 2.0 Spellcasting
 - Level 0.7 Conjurations
 - Level 3.7 Ice Magic


You had 6 spell levels left.
You knew the following spells:

 Your Spells              Type           Power        Failure   Level  Hunger
a - Freeze                Ice            ##..         4%          1    #......
b - Throw Frost           Conj/Ice       #.....       12%         2    ###....

Your spell library contained the following spells:

 Spells                   Type           Power        Failure   Level  Hunger
 Ozocubu's Armour         Chrm/Ice       #.......     26%         3    ###....
 Throw Icicle             Conj/Ice       #.......     58%         4    #####..
 Summon Ice Beast         Ice/Summ       #.......     65%         4    #####..


Dungeon Overview and Level Annotations

Branches:
Dungeon (6/15)
 Temple: D:4-7

Altars:
Elyvilon
Gozag
Okawaru
Qazlal

Annotations:
D:6 exclusions: ogre and water moccasin


Message History

Aiming: Freeze (safe; 4% risk of failure)
Press: ? - help, Shift-Dir - straight line, f/p - ogre
Aim: an ogre, wielding a +0 giant club (moderately wounded)
You freeze the ogre.
The ogre is moderately wounded.
Casting: Freeze (safe; 4% risk of failure)
Confirm with . or Enter, or press ? or * to list all spells.
Aiming: Freeze (safe; 4% risk of failure)
Press: ? - help, Shift-Dir - straight line, f/p - ogre
Aim: an ogre, wielding a +0 giant club (moderately wounded)
You freeze the ogre.
The ogre is heavily wounded.
The ogre hits you with a +0 giant club!!
Ouch! That really hurt!
* * * LOW HITPOINT WARNING * * *
Things that are here:
a +0 dagger of speed; a +0 scale mail; an orc skeleton You see here a hound skeleton.
The ogre hits you with a +0 giant club!!
You die...

## .# ############### #####
.############....##.......###....
...............O@..((.......'....
.############....##.......###....
...รท.....# ###########.........#
..######.##### #.##......#
#.##.....)...# #.##.####.#
#.##.>.......####### #.##.# #.#
#.#................. ...... ...
#.#........#.###### #.#.... ...
#.#...####.#.# ..#.....o.[


You could see an ogre.

Vanquished Creatures
  A bullfrog (D:6)
  2 howler monkeys (D:6)
  2 crimson imps (D:6)
  A hound (D:6)
  An orc wizard (D:6)
  A hound skeleton (D:6)
  2 adders
  An ooze (D:1)
  A dart slug (D:1)
  A leopard gecko (D:2)
  2 orcs (D:6)
  A ball python (D:3)
  7 goblins
  8 hobgoblins
  3 bats
  A frilled lizard (D:1)
  3 kobolds
  4 rats
42 creatures vanquished.

Notes
Turn   | Place    | Note
-------+----------+-------------------------------------------
     0 | D:1      | Gartch5 the Merfolk Ice Elementalist began the quest for
                  | the Orb.
     0 | D:1      | Reached XP level 1. HP: 13/13 MP: 3/3
   542 | D:1      | Reached XP level 2. HP: 17/20 MP: 1/5
   634 | D:1      | Learned a level 2 spell: Throw Frost
   868 | D:1      | Reached skill level 1 in Fighting
  1341 | D:1      | Reached XP level 3. HP: 26/26 MP: 1/6
  2307 | D:2      | Found an opulent altar of Gozag.
  2698 | D:2      | Found an iron altar of Okawaru.
  3348 | D:3      | Found a stormy altar of Qazlal.
  3354 | D:3      | Found a white marble altar of Elyvilon.
  3417 | D:3      | You fall into a shaft and drop 3 floors!
  3433 | D:6      | Noticed a bullfrog
  3445 | D:6      | Reached skill level 1 in Polearms
  3445 | D:6      | Reached XP level 4. HP: 27/33 MP: 2/7
  3537 | D:6      | Killed a bullfrog
  3537 | D:6      | Reached XP level 5. HP: 39/39 MP: 3/8
  3605 | D:6      | Noticed an ogre
  3961 | D:6      | Noticed a water moccasin
  3993 | D:6      | Reached skill level 5 in Dodging
  4011 | D:6      | Noticed a sky beast
  4068 | D:6      | Reached XP level 6. HP: 46/46 MP: 4/9
  4175 | D:6      | Reached skill level 5 in Polearms
  4354 | D:6      | Mangled by an ogre

Levels and vault maps discovered:
D:1:      grunt_arrival_lava_bath, layout_basic
D:2:      layout_basic, nicolae_overflow_crystal_walls,
          kennysheep_okawaru_gauntlet, minmay_door_square
D:3:      layout_loops_cross, kennysheep_slug_shrine, grunt_qazlal_clouds,
          grunt_dithmenos_smoke, overflow_temple_1_default, xom_butterflies,
          gup_sewer_entry_bubbles, ebering_ghost_rock_garden, minivault_14,
          uniq_terence
D:6:      layout_basic, minmay_temple_entry_glassed_door

Skill      XL: |  1  2  3  4  5  6 |
---------------+-------------------+-----
Dodging        | 3 4 5 |  5.4
Fighting       | 1 2 3 |  3.2
Polearms       | 1 3 4 5 |  5.3
Stealth        | |  2.1
Spellcasting   | |  2.0
Conjurations   | |  0.7
Ice Magic      | |  3.7

Action                   |  1- 3 |  4- 6 || total
-------------------------+-------+-------++-------
Melee: Unarmed           |     2 |       ||     2
       Dagger            |     6 |       ||     6
       Club              |     1 |       ||     1
       Spear             |     4 |    65 ||    69
Throw: Stone             |    28 |     7 ||    35
 Cast: Freeze            |    52 |    36 ||    88
  Use: Scroll            |     4 |       ||     4
 Stab: Sleeping          |     2 |       ||     2
  Eat: Chunk             |     5 |     4 ||     9
       Ration            |     1 |       ||     1
Armor: Robe              |     1 |     6 ||     7
Dodge: Dodged            |    34 |    45 ||    79
